[Event "*** Titled Tuesday 3|2 Blitz"]
[Site "Chess.com"]
[Date "2015.10.06"]
[Round "7"]
[White "Arashy_CC"]
[Black "Viaje"]
[Result "1/2-1/2"]
[WhiteElo "2360"]
[BlackElo "2204"]
[TimeControl "180+2"]
[EndTime "12:27:47 PDT"]
[Termination "Game drawn by repetition"]

1. c4 c5 2. Nc3 Nc6 3. Nf3 e5 4. d3 g6 5. g3 Bg7 6. Bg2 d6 7. Nd2 Nge7 8. Nf1 h5 9. h4 a6 10. Ne3 Rb8 11. a4 O-O 12. Ned5 Be6 13. Bg5 f6 14.
Bd2 Nb4 15. Nxb4 cxb4 16. Nd5 a5 17. Be3 Nxd5 18. cxd5 Bd7 19. O-O f5 20. Bg5 Bf6 21.
Bxf6 Qxf6 22. Qd2 Rfc8 23. Qe3 Rc5 24. Rac1 Rbc8 25. Rxc5 Rxc5 26. b3 b6 27. f4 exf4 28. Rxf4 Qe5 29. Qf2 Qb2 30. Qe3 Qe5 31. Qf2 Qb2 32.
Qe3 Qe5 1/2-1/2

[Event "*** Titled Tuesday 3|2 Blitz"]
[Site "Chess.com"]
[Date "2015.10.06"]
[Round "7"]
[White "AlexanderL"]
[Black "gmjlh"]
[Result "0-1"]
[WhiteElo "2547"]
[BlackElo "2632"]
[TimeControl "180+2"]
[EndTime "12:28:13 PDT"]
[Termination "gmjlh won on time"]

1. d4 Nf6 2. c4 e6 3. Nc3 Bb4 4. Qc2 d5 5. a3 Bxc3+ 6. Qxc3 Ne4 7. Qc2 c5 8. dxc5 Nc6 9. cxd5 exd5 10. Nf3 Qf6 11.
h4 Bf5 12. Bg5 Qe6 13. Qc1 O-O 14. e3 Rfc8 15. b4 h6 16. Bf4 Bh7 17. Be2 b6 18.
b5 Na5 19. Nd4 Qf6 20. c6 g5 21. hxg5 hxg5 22. Bg3 Re8 23. a4 Rac8 24. Ra3 Bg6 25. Nf3 Nc4 26. Bxc4 dxc4 27. O-O c3 28. Rd1 Bh5 29. Rd5 Bxf3 30. gxf3 Qxf3 31. Rxc3 Re6 32. Rcd3 Rh6 33. Rd8+ Kh7 0-1

[Event "*** Titled Tuesday 3|2 Blitz"]
[Site "Chess.com"]
[Date "2015.10.06"]
[Round "7"]
[White "kpio91"]
[Black "SenseiJulio"]
[Result "0-1"]
[WhiteElo "2510"]
[BlackElo "2624"]
[TimeControl "180+2"]
[EndTime "12:28:29 PDT"]
[Termination "SenseiJulio won by resignation"]

1. c4 e6 2. g3 d5 3. Bg2 Nf6 4. Nf3 Be7 5. O-O O-O 6. b3 a5 7. Nc3 c6 8. e3 b6 9. Bb2 Ba6 10.
d3 Nbd7 11. Qe2 b5 12. cxb5 cxb5 13. Nd4 Qb6 14. a4 b4 15. Ncb5 Rfc8 16. f4 Nc5 17. g4 Ne8 18. g5 Nd6 19. f5 Nxb5 20. axb5 Bxb5 21. Nxb5 Qxb5 22. g6 hxg6 23. fxg6 fxg6 24. Qg4 Qxd3 25. Bd4 Ra6 26. Rad1 Qxb3 27. Qxg6 e5 28.
Qf7+ Kh7 29. Bxe5 Qxe3+ 30. Kh1 Qxe5 31. Rde1 Ne4 32. Rf5 Ng3+ 33. hxg3 Rh6+ 0-1

[Event "*** Titled Tuesday 3|2 Blitz"]
[Site "Chess.com"]
[Date "2015.10.06"]
[Round "7"]
[White "AnthonyWirig"]
[Black "Canonkasparov"]
[Result "1/2-1/2"]
[WhiteElo "2556"]
[BlackElo "2397"]
[TimeControl "180+2"]
[EndTime "12:28:38 PDT"]
[Termination "Game drawn by repetition"]

1. d4 Nf6 2. Nf3 d5 3. Bf4 c5 4.
e3 Qb6 5. Qc1 Nc6 6. c3 Bf5 7.
Nbd2 e6 8. Be2 Be7 9. Nh4 Be4 10.
Nhf3 Bf5 11. h3 h6 12. O-O O-O 13. Nb3 Nd7 14. dxc5 Nxc5 15. Nxc5 Bxc5 16. Qd2 Rfe8 17. Ne5 Nxe5 18. Bxe5 Bd6 19. Bxd6 Qxd6 20. Rfd1 Qc5 21.
Rac1 Red8 22. Bf3 Rac8 23. h4 b6 24. g3 a5 25. a3 b5 26. Be2 Be4 27. Qd4 Qxd4 28. cxd4 b4 29. f3 Bg6 30. Kf2 Bc2 31. Rd2 Bb3 32. Ra1 bxa3 33. Rxa3 a4 34. Bb5 Ra8 35.
e4 Ra5 36. Be2 Rc8 37. Ke3 Rc1 38. Rd3 Rb5 39. Rc3 Rxc3+ 40. bxc3 Rb8 41. e5 g6 42. f4 h5 43. Kd2 Kf8 44. Bd3 Rc8 45. Bb5 Ra8 46. Bd3 Rc8 47. Bc2 Rb8 48. Bxb3 axb3 49. Kc1 b2+ 50. Kb1 Ke7 51. Ra7+ Kf8 52. Ra3 Ke7 53.
Ra2 Rb3 54. Ra7+ Kf8 55. Rc7 Ke8 56. Rc8+ Kd7 57. Rc5 Ke8 58. Rc8+ Kd7 59. Rc5 Ke8 60. Rc8+ 1/2-1/2

[Event "*** Titled Tuesday 3|2 Blitz"]
[Site "Chess.com"]
[Date "2015.10.06"]
[Round "7"]
[White "HansCoolNiemann"]
[Black "Baggio95"]
[Result "0-1"]
[WhiteElo "2068"]
[BlackElo "2393"]
[TimeControl "180+2"]
[EndTime "12:28:38 PDT"]
[Termination "Baggio95 won by resignation"]

1. d4 Nf6 2. c4 c5 3. d5 e6 4. Nc3 exd5 5. cxd5 d6 6. Nf3 g6 7. Bf4 Bg7 8. Qa4+ Bd7 9. Qb3 Qc7 10. e3 O-O 11. h3 Re8 12. Be2 Ne4 13. O-O Nxc3 14.
bxc3 Bf5 15. Nd2 Nd7 16. g4 g5 17. Bxg5 Bg6 18. Bf4 f5 19. Nc4 Ne5 20. Bxe5 Bxe5 21.
Nxe5 Rxe5 22. Qc4 Rf8 23. g5 f4 24. Bg4 f3 25. Be6+ Kg7 26. Qg4 Qe7 27. h4 Re4 28.
Qg3 h6 29. Rfb1 b6 30. Kf1 hxg5 31. hxg5 Re5 32. Ke1 Bxb1 33. Rxb1 Rxg5 34. Qh3 Rg1+ 35. Kd2 Rxb1 36. Qg4+ Kh8 37. Bf5 Rh1 38. Qg6 Qg7 39.
Qe6 Rh6 40. Qd7 Qxd7 41. Bxd7 Rh2 42. Ke1 Rg8 43. Bf5 Rg1+ 44. Kd2 Rxf2+ 45. Kd3 Rd1+ 46. Ke4 Rxa2 47. Kxf3 Rf1+ 48. Ke4 Ra4+ 49. c4 Rxc4+ 50. Kd3 Rxf5 51. Kxc4 Re5 52. Kb5 Rxd5 53. Kc6 Rd3 54. Kb7 c4 55. Kxa7 c3 56. Kxb6 c2 57. Kc6 c1=Q+ 58.
Kd7 Qxe3 59. Kd8 d5 60. Kd7 d4 61. Kd8 Qe6 62. Kc7 Rf3 63. Kb7 Rf7+ 64. Kb8 0-1

[Event "*** Titled Tuesday 3|2 Blitz"]
[Site "Chess.com"]
[Date "2015.10.06"]
[Round "7"]
[White "ItalianMachine"]
[Black "pKiLz5Rn9b"]
[Result "0-1"]
[WhiteElo "2218"]
[BlackElo "2400"]
[TimeControl "180+2"]
[EndTime "12:28:44 PDT"]
[Termination "pKiLz5Rn9b won by resignation"]

1. e4 e6 2. d4 d5 3. Nd2 Nf6 4. e5 Nfd7 5. f4 c5 6. c3 Nc6 7.
Ndf3 Rb8 8. Bd3 b5 9. Ne2 Qb6 10. O-O g6 11. Kh1 Be7 12. Qe1 b4 13. Bd2 a5 14. Qg3 Ba6 15. Bxa6 Qxa6 16. Qf2 a4 17. f5 gxf5 18. Nf4 a3 19. b3 bxc3 20. Bxc3 cxd4 21. Bxd4 Nxd4 22. Qxd4 Rb4 23. Qd2 Re4 24. Nd3 Rg8 25. Rac1 Rg6 26. Rc2 Nc5 27. Rfc1 Nxd3 28. Rc8+ Bd8 29.
R1c6 Qb5 30. Rd6 Nxe5 31. Rdxd8+ Ke7 32. Re8+ Kf6 33. Qf2 Qe2 34. Qxe2 Rxe2 35. h3 Nxf3 0-1

[Event "*** Titled Tuesday 3|2 Blitz"]
[Site "Chess.com"]
[Date "2015.10.06"]
[Round "7"]
[White "kikydu96"]
[Black "MFBerna"]
[Result "1-0"]
[WhiteElo "2291"]
[BlackElo "2083"]
[TimeControl "180+2"]
[EndTime "12:28:46 PDT"]
[Termination "kikydu96 won on time"]

1. e4 e5 2. Nf3 Nc6 3. d4 exd4 4.
Nxd4 Bc5 5. Be3 Qf6 6. Nb5 Bxe3 7. fxe3 Kd8 8. N1c3 Nge7 9. Qg4 d6 10. Qg3 a6 11. Na3 Qe5 12. Qf3 Be6 13. O-O-O b5 14. Nd5 f5 15. Nxe7 Nxe7 16. exf5 Bd5 17. Qf4 Qxf4 18. exf4 Bb7 19. Bd3 Rf8 20. c3 Nxf5 21.
Nc2 Kd7 22. Rhf1 Bxg2 23. Rg1 Bh3 24. Bxf5+ Bxf5 25. Rxg7+ Kc8 26. Re1 Kb7 27. Ree7 Rac8 28. Nd4 Kb6 29. b4 Bg6 30. Ne6 Rfe8 31. Nxc7 Rxe7 32. Nd5+ Kb7 33. Rxe7+ Kb8 34. Kd2 Re8 35.
Rd7 Bf5 36. Rxd6 Ka7 37. Rf6 Be4 38. Rxa6+ Kb7 39. Rb6+ Ka7 40. Rxb5 Rd8 41. c4 Rf8 42. Ke3 1-0

[Event "*** Titled Tuesday 3|2 Blitz"]
[Site "Chess.com"]
[Date "2015.10.06"]
[Round "7"]
[White "1stSecond"]
[Black "Saitama_Hero"]
[Result "1-0"]
[WhiteElo "2413"]
[BlackElo "2147"]
[TimeControl "180+2"]
[EndTime "12:28:49 PDT"]
[Termination "1stSecond won by resignation"]

1. d4 Nf6 2. c4 g6 3. Nc3 Bg7 4. e4 O-O 5. h3 d6 6. Nf3 e5 7. d5 a5 8. Be3 Na6 9. g4 Nd7 10. Rg1 Ndc5 11. a3 Bd7 12. b3 Kh8 13. Rb1 f5 14.
gxf5 gxf5 15. Ng5 Qe8 16. Qf3 fxe4 17. Qg2 Qg6 18. Ngxe4 Nxe4 19. Qxg6 hxg6 20. Nxe4 Bf5 21. Bd3 b6 22. Kd2 Nc5 23. Nxc5 bxc5 24. Bxf5 gxf5 25. f3 Rab8 26. a4 f4 27. Bf2 Bf6 28. Kd3 Rg8 29. Rg4 Rxg4 30. hxg4 Kg7 31. Be1 Ra8 32. Bd2 Kg6 33.
Rh1 Bd8 34. Rh8 Kg7 35. Re8 Kf7 36. Re6 Ra6 37. Bc3 Be7 38. Bxe5 Rb6 39. Bc3 Ra6 40. Kc2 c6 41. Re4 cxd5 42. Rxf4+ Ke6 43. cxd5+ Kxd5 44.
Re4 Bd8 45. Re8 Bb6 46. g5 Ra7 1-0

[Event "*** Titled Tuesday 3|2 Blitz"]
[Site "Chess.com"]
[Date "2015.10.06"]
[Round "7"]
[White "Carolina-moon"]
[Black "Badouuu"]
[Result "0-1"]
[WhiteElo "2037"]
[BlackElo "1966"]
[TimeControl "180+2"]
[EndTime "12:28:58 PDT"]
[Termination "Badouuu won by checkmate"]

1. e4 c5 2. Nc3 Nc6 3. Bb5 d6 4. Bxc6+ bxc6 5. f4 Nf6 6. Nf3 Ba6 7. d3 g6 8. O-O Bg7 9. e5 Nd5 10. Ne4 O-O 11. c4 Nc7 12. Be3 Ne6 13. Qa4 Bb7 14.
Rad1 Qc7 15. exd6 exd6 16. f5 gxf5 17. Neg5 h6 18. Nh3 Rfe8 19. Nh4 Nd4 20. Bxd4 Bxd4+ 21. Kh1 Bc8 22. Nxf5 Bxf5 23. Rxf5 Re5 24. Rxe5 Bxe5 25. Qc2 Qe7 26. Qf2 Kg7 27. Re1 Qf6 28. Qe2 Bxb2 29.
Rf1 Qe5 30. Qf3 Rf8 31. Nf4 Kh7 32. Qg4 Rg8 33. Qf3 Bd4 34. Ne2 Rg7 35. Ng3 f6 36.
Qxc6 Rxg3 37. hxg3 Qh5# 0-1

[Event "*** Titled Tuesday 3|2 Blitz"]
[Site "Chess.com"]
[Date "2015.10.06"]
[Round "7"]
[White "Trendle"]
[Black "armago"]
[Result "0-1"]
[WhiteElo "2325"]
[BlackElo "2083"]
[TimeControl "180+2"]
[EndTime "12:29:08 PDT"]
[Termination "armago won by resignation"]

1. e4 c5 2. Nc3 e6 3. f4 d5 4. Nf3 dxe4 5. Bb5+ Bd7 6. Bxd7+ Nxd7 7. Nxe4 Ngf6 8. d3 Qc7 9. O-O Be7 10. b3 O-O 11. Bb2 Qxf4 12. Qe2 Nxe4 13. dxe4 Nf6 14. Rae1 Rad8 15.
Be5 Qg4 16. h3 Qh5 17. Bf4 h6 18. Bh2 b6 19. a4 Nh7 20. Qa6 Rd7 21. Bf4 Bf6 22. a5 Ng5 23. axb6 axb6 24. Qxb6 Rfd8 25. Nxg5 hxg5 26. Be3 Bd4 27. Bxd4 cxd4 28. Qc5 Qg6 29. Rf2 g4 30. hxg4 Qxg4 31. Qe5 d3 32. cxd3 Rxd3 33. Ref1 Rd2 34. Qc7 R8d7 35. Qc8+ Rd8 36. Qc7 R2d7 37. Qc4 Rd4 38. Qc7 R4d7 39. Qc2 e5 40. b4 Rd4 41. Rxf7 Rd2 42. Rxg7+ Kxg7 0-1

[Event "*** Titled Tuesday 3|2 Blitz"]
[Site "Chess.com"]
[Date "2015.10.06"]
[Round "7"]
[White "kleinebeer98"]
[Black "Goala"]
[Result "0-1"]
[WhiteElo "2260"]
[BlackElo "2165"]
[TimeControl "180+2"]
[EndTime "12:29:11 PDT"]
[Termination "Goala won by resignation"]

1. e4 e6 2. d4 d5 3. Bd3 dxe4 4. Bxe4 Nf6 5. Bf3 c5 6. Ne2 Nc6 7. Be3 cxd4 8. Nxd4 Ne5 9. O-O Be7 10. Nd2 O-O 11.
c4 a6 12. Qb3 Nxf3+ 13. N2xf3 Qc7 14. Rfe1 e5 15. Ne2 Bg4 16. Bb6 Qd6 17. c5 Qb8 18. Ng3 Nd7 19. Rac1 Nxb6 20. cxb6 Be6 21. Qc3 Bxa2 22.
Nxe5 Bf6 23. Qa5 Be6 24. f4 Rd8 25. f5 Rd5 26. fxe6 Rxa5 27. exf7+ Kf8 28. Nd7+ Kxf7 29. Nxb8 Rxb8 30. Ne4 Bd4+ 31. Kh1 Bxb6 32. Nd6+ Kg8 33. Nc8 Bc5 34. Re8+ Kf7 35. Rd8 Be7 36. Rd7 Rxc8 37. Rf1+ Ke8 38. Rxb7 Rb5 39. Re1 0-1

[Event "*** Titled Tuesday 3|2 Blitz"]
[Site "Chess.com"]
[Date "2015.10.06"]
[Round "7"]
[White "Schemato"]
[Black "dabee"]
[Result "1/2-1/2"]
[WhiteElo "2187"]
[BlackElo "2344"]
[TimeControl "180+2"]
[EndTime "12:29:18 PDT"]
[Termination "Game drawn by repetition"]

1. c4 c5 2. g3 Nc6 3. Bg2 g6 4. Nc3 Bg7 5. Nf3 e6 6. d3 Nge7 7. Bg5 h6 8. Bd2 O-O 9. Rb1 d5 10. Qc1 Kh7 11. O-O b6 12. a3 a5 13. Rd1 Bb7 14.
Nb5 a4 15. Qc2 Nf5 16. e3 Qd7 17. Bc3 d4 18. exd4 Ncxd4 19. Nfxd4 Nxd4 20. Bxd4 Bxd4 21. Bxb7 Qxb7 22. Nxd4 cxd4 23. Re1 Qc6 24. Re5 f6 25. Re4 e5 26. Qe2 Rfe8 27. Re1 b5 28. cxb5 Qxb5 29. f4 Rab8 30. fxe5 fxe5 31. Rxe5 Rxe5 32. Qxe5 Qxe5 33. Rxe5 Rxb2 34. Re7+ Kg8 35. Ra7 Rb3 36. Rxa4 Rxd3 37. Kf2 Kf7 38. Ke2 Re3+ 39. Kd2 Rb3 40. Rxd4 Rxa3 41. Rc4 Ke6 42. Rc2 Kf5 43. Ke2 Kg4 44.
Kf2 Kh3 45. Rc6 Ra2+ 46. Kf3 Ra3+ 47. Kf2 Ra2+ 48. Kf3 Ra3+ 49. Kf2 1/2-1/2

[Event "*** Titled Tuesday 3|2 Blitz"]
[Site "Chess.com"]
[Date "2015.10.06"]
[Round "7"]
[White "GGuseinov"]
[Black "Zvonokchess"]
[Result "1-0"]
[WhiteElo "2535"]
[BlackElo "2550"]
[TimeControl "180+2"]
[EndTime "12:29:24 PDT"]
[Termination "GGuseinov won by resignation"]

1. e4 c5 2. Nf3 e6 3. d4 cxd4 4.
Nxd4 a6 5. Nc3 Qc7 6. g3 Bb4 7. Bd2 Nf6 8. Bg2 O-O 9. O-O Be7 10. Be3 Nc6 11. f4 d6 12. Kh1 Bd7 13. Nb3 b5 14. a3 Rac8 15. g4 g6 16. g5 Nh5 17.
f5 Ne5 18. f6 Bd8 19. Nd4 Qb8 20. Qe1 Bb6 21. Rd1 Rc4 22. Qh4 Rfc8 23. Nce2 R8c7 24.
c3 Qf8 25. Nxe6 Bxe6 26. Bxb6 Rd7 27. Bd4 a5 28. Ng3 Nxg3+ 29. hxg3 h5 30. gxh6 Kh7 31.
Rf4 Qd8 32. Qg5 b4 33. axb4 axb4 34. Bf1 Rc8 35. Bb5 Rb7 36. Ba6 Qc7 37. Bxb7 Qxb7 38. Bxe5 dxe5 39. Qxe5 bxc3 40. bxc3 Qb3 41. Rc1 Rd8 42.
Rf2 Rd3 43. Qc5 Qa4 44. Qf8 Qxe4+ 45. Kh2 1-0

[Event "*** Titled Tuesday 3|2 Blitz"]
[Site "Chess.com"]
[Date "2015.10.06"]
[Round "7"]
[White "lorcho"]
[Black "LyonBeast"]
[Result "1/2-1/2"]
[WhiteElo "2596"]
[BlackElo "2699"]
[TimeControl "180+2"]
[EndTime "12:29:28 PDT"]
[Termination "Game drawn by repetition"]

1. e4 c5 2. Nc3 Nc6 3. g3 g6 4. Bg2 Bg7 5. d3 d6 6. f4 e6 7.
Nf3 Nge7 8. O-O Rb8 9. Be3 b5 10. e5 dxe5 11. Nxe5 Nxe5 12. fxe5 Bxe5 13. Bxc5 Bd4+ 14.
Bxd4 Qxd4+ 15. Kh1 O-O 16. Ne4 f5 17. c3 Qb6 18. Ng5 Bb7 19. Qe2 Bxg2+ 20. Kxg2 Nd5 21. Rae1 Rfe8 22. Qe5 Qc6 23. Kg1 Rb6 24. h4 Qd6 25. a3 Nc7 26. d4 a5 27. Rf3 Qxe5 28. Rxe5 h6 29. Nh3 Kf7 30. g4 b4 31. axb4 axb4 32.
h5 bxc3 33. bxc3 Kg7 34. gxf5 gxf5 35. Rg3+ Kf7 36. Nf4 Rb2 37. Rc5 Nd5 38. Nxd5 exd5 39. Rf3 Re1+ 40. Rf1 Ree2 41. Rxf5+ Ke6 42. Rf8 Rg2+ 43.
Kf1 Rh2 44. Kg1 Rxh5 45. Rf2 Rg5+ 46. Kf1 Rb1+ 47. Ke2 h5 48. Rc6+ Kd7 49. Rh6 Rb2+ 50.
Kf1 Rb1+ 51. Ke2 Rb2+ 52. Kf1 Rb1+ 53. Ke2 1/2-1/2

[Event "*** Titled Tuesday 3|2 Blitz"]
[Site "Chess.com"]
[Date "2015.10.06"]
[Round "7"]
[White "Tal-Baronfew"]
[Black "FairChess_on_YouTube"]
[Result "1-0"]
[WhiteElo "2756"]
[BlackElo "2708"]
[TimeControl "180+2"]
[EndTime "12:29:49 PDT"]
[Termination "Tal-Baronfew won on time"]

1. e4 c5 2. Nf3 d6 3. d4 cxd4 4. Nxd4 Nf6 5. Nc3 a6 6. Bg5 Nbd7 7. Qe2 Qa5 8. Bd2 Qb6 9. Nb3 e6 10. g4 Nc5 11. Nxc5 Qxc5 12. O-O-O Be7 13. Bg2 Nd7 14. f4 b5 15. Be3 Qc7 16. e5 Rb8 17. exd6 Bxd6 18. Nd5 Qa5 19. Kb1 O-O 20. Nf6+ Nxf6 21.
Rxd6 Bb7 22. Bxb7 Rxb7 23. Rhd1 Nd5 24. Bd4 Qc7 25. Qe5 Nf6 26. h3 Ne8 27. Rxa6 Qd8 28. Rd3 Rd7 29. a3 Rd5 30. Qe4 Nd6 31. Qf3 Nc4 32.
Bc3 Qc8 33. Ra7 Qc5 34. Rd7 Rxd7 35. Rxd7 Rc8 36. f5 e5 37. f6 g6 38. Qd1 Qb6 39.
g5 h6 40. h4 hxg5 41. hxg5 Ne3 42. Qg1 Qc6 43. Rd3 Nd5 44. Qd1 Rd8 45. Ka1 e4 46. Rh3 1-0

[Event "*** Titled Tuesday 3|2 Blitz"]
[Site "Chess.com"]
[Date "2015.10.06"]
[Round "7"]
[White "GregShahade"]
[Black "Rickstereo"]
[Result "1/2-1/2"]
[WhiteElo "2295"]
[BlackElo "2101"]
[TimeControl "180+2"]
[EndTime "12:30:02 PDT"]
[Termination "Game drawn by repetition"]

1. e4 e6 2. d4 d5 3. Nd2 Nf6 4.
e5 Nfd7 5. c3 c5 6. Bd3 Nc6 7.
Ne2 cxd4 8. cxd4 f6 9. exf6 Nxf6 10. O-O Bd6 11. Nf3 Qc7 12. g3 O-O 13. Bf4 Bd7 14.
Bxd6 Qxd6 15. Nc3 Be8 16. Nb5 Qe7 17. Ne5 Bh5 18. Qd2 Nxe5 19. dxe5 Ng4 20. Rae1 Nh6 21. Nd4 Nf7 22. Qe3 Ng5 23. f4 Nf7 24. Rc1 Nh6 25. h3 Rac8 26. Rxc8 Rxc8 27. Rc1 Rf8 28. Kh2 Bg4 29. a3 Bf5 30. Bxf5 Nxf5 31. Nxf5 Rxf5 32. Qxa7 g5 33. Rc8+ Kg7 34. Qb8 Rf7 35. Rg8+ Kh6 36. Rxg5 Qc5 37. Kg2 Qe3 38. h4 Qe2+ 39. Kh3 Qf1+ 40.
Kh2 Qf2+ 41. Kh3 Qf1+ 42. Kh2 Qf2+ 43. Kh3 Qf1+ 44. Kh2 Qe2+ 45. Kh3 Qf1+ 1/2-1/2

[Event "*** Titled Tuesday 3|2 Blitz"]
[Site "Chess.com"]
[Date "2015.10.06"]
[Round "7"]
[White "BakaPG"]
[Black "kesarev"]
[Result "0-1"]
[WhiteElo "2492"]
[BlackElo "2207"]
[TimeControl "180+2"]
[EndTime "12:30:04 PDT"]
[Termination "kesarev won by resignation"]

1. e4 g6 2. d4 Bg7 3. Nc3 c5 4. Nf3 cxd4 5. Nxd4 Nc6 6. Be3 d6 7. Bc4 Nf6 8. f3 Bd7 9. Qd2 Rc8 10. Bb3 Ne5 11. O-O-O Nc4 12. Bxc4 Rxc4 13. Kb1 a6 14. g4 h5 15. g5 Nh7 16. h4 Nf8 17. f4 Bg4 18.
Rde1 Ne6 19. Nb3 O-O 20. Nd5 Rxe4 21. Bb6 Rxe1+ 22. Rxe1 Qd7 23. a4 Re8 24. a5 Qa4 25. Nc1 Bf3 26. Nc3 Qc4 27. Nd3 Rc8 28. Re3 Bg4 29. Nf2 Bf5 30. Nfd1 Qxf4 31. Qg2 Rc6 32. Re2 Qxh4 33. Nd5 Kf8 34. N1e3 Qxg5 35. Qxg5 Nxg5 36.
Nxf5 gxf5 37. Nxe7 Rc4 38. Nxf5 Be5 39. Bd8 Ne6 40.
Be7+ Kg8 41. Rg2+ Kh7 42. Bxd6 Bf6 43. c3 Rg4 44. Rh2 h4 45. Ne3 Rg1+ 46. Kc2 Kg6 47.
Nd5 Bd8 48. Be7 Bxe7 49. Nxe7+ Kg5 50. Rf2 Nf4 51. b4 Rg2 52. Rxg2+ Nxg2 53. c4 h3 54. b5 h2 0-1

[Event "*** Titled Tuesday 3|2 Blitz"]
[Site "Chess.com"]
[Date "2015.10.06"]
[Round "7"]
[White "facu57"]
[Black "Imre91"]
[Result "1-0"]
[WhiteElo "2497"]
[BlackElo "2568"]
[TimeControl "180+2"]
[EndTime "12:30:07 PDT"]
[Termination "facu57 won by resignation"]

1. e4 e6 2. d3 c5 3. g3 Nc6 4. Bg2 g6 5. f4 Bg7 6. Nf3 d6 7.
O-O Nge7 8. c3 O-O 9. Be3 b5 10. Nbd2 b4 11. d4 bxc3 12. bxc3 cxd4 13. cxd4 Ba6 14.
Re1 Rc8 15. Rc1 Nb4 16. Qa4 Nd3 17. Qxa6 Nxc1 18. Nf1 Rc6 19. Qa3 Nxa2 20. Qxa2 Qc7 21. Ra1 a6 22. e5 Nd5 23. Bd2 Rc8 24. h4 Qa7 25. Kh2 h6 26. h5 gxh5 27. Qa4 dxe5 28.
fxe5 h4 29. gxh4 Qe7 30. Ng3 Rc2 31. Ra2 Rxa2 32. Qxa2 Rc6 33. Nf5 exf5 34. Qxd5 Rc2 35. Qa8+ Kh7 36. Bh3 Rxd2+ 37. Nxd2 Qxh4 38. Nf3 Qf2+ 39. Bg2 Qe3 40. Qxa6 h5 41. Qc8 Qf4+ 42. Kh1 Bh6 43.
Qd7 Qc1+ 44. Kh2 Qf4+ 45. Kh1 Qc1+ 46. Ng1 Kg6 47. e6 Be3 48. Qxf7+ Kg5 49. Qg7+ Kh4 50. Bf3 Qf1 51. e7 Bxg1 52. Qf6+ Kg3 53. Qg5+ Kf2 54.
Qg2+ 1-0

[Event "*** Titled Tuesday 3|2 Blitz"]
[Site "Chess.com"]
[Date "2015.10.06"]
[Round "7"]
[White "Konavets"]
[Black "Mornar1951"]
[Result "1-0"]
[WhiteElo "2533"]
[BlackElo "2608"]
[TimeControl "180+2"]
[EndTime "12:30:09 PDT"]
[Termination "Konavets won by checkmate"]

1. e4 c5 2. Nf3 e6 3. d4 cxd4 4. Bg5 Qa5+ 5. c3 Nc6 6. Bd3 Be7 7. Bd2 Nf6 8. cxd4 Qb6 9. e5 Nd5 10. Nc3 Nxc3 11. bxc3 d6 12. exd6 Bxd6 13. O-O Qc7 14. Re1 O-O 15. Rb1 Bf4 16. Rb5 Bxd2 17. Qxd2 b6 18.
Rh5 h6 19. Re4 f5 20. Re1 Rf6 21. Bc4 Na5 22. Bb3 Nxb3 23. axb3 Bb7 24. Ne5 Rc8 25. Rh3 a5 26. Qf4 b5 27. Rg3 Bd5 28.
Qh4 Kh7 29. c4 bxc4 30. bxc4 Be4 31. Qf4 g5 32. Qd2 Rd8 33. Qc3 f4 34. Rxe4 fxg3 35. hxg3 Rdf8 36. Re2 Qb6 37. Nd7 Qb1+ 38. Kh2 Rxf2 39.
Nxf8+ Rxf8 40. Re1 Qb4 41. Qd3+ Kg7 42. Rxe6 Rf6 43. Re5 a4 44. Rb5 Qe1 45. Rb7+ Rf7 46. Rb6 Rf6 47. Rb7+ Rf7 48. Rxf7+ Kxf7 49. Qf5+ Ke7 50.
Qc5+ Ke8 51. Qc6+ Kf7 52. Qxa4 Qd2 53. Qd7+ Kg6 54. Qe6+ Kh5 55. g4+ Kh4 56. Qxh6+ Kxg4 57. Qh3+ Kf4 58. Qf3# 1-0

[Event "*** Titled Tuesday 3|2 Blitz"]
[Site "Chess.com"]
[Date "2015.10.06"]
[Round "7"]
[White "silverback96"]
[Black "oggy1984"]
[Result "1-0"]
[WhiteElo "1926"]
[BlackElo "2353"]
[TimeControl "180+2"]
[EndTime "12:30:44 PDT"]
[Termination "silverback96 won on time"]

1. d4 Nf6 2. c4 e6 3. g3 c5 4. d5 exd5 5. cxd5 d6 6. Nc3 g6 7.
Nf3 Bg7 8. Bg2 O-O 9. O-O Re8 10.
Bf4 Na6 11. h3 Nc7 12. a4 b6 13. Re1 Ne4 14. Nxe4 Rxe4 15. Nd2 Rb4 16. b3 Ba6 17. Ne4 f5 18. Nxd6 Rxf4 19. gxf4 Qxd6 20. Ra2 Rd8 21. e4 fxe4 22. Rxe4 Bd4 23. a5 Nxd5 24. axb6 Nc3 25. Qc2 Nxa2 26. Qxa2 Qxb6 27. Re7 c4 28. bxc4 Qc5 29.
Bd5+ Kh8 30. Rf7 Bc8 31. Qe2 Bxh3 32. Qf3 Bf5 33. Qg3 h5 34. Qh4 Bxf2+ 35. Qxf2 Qxf2+ 36.
Kxf2 a6 37. Kg3 Rd6 38. Kh4 Be6 39. Bxe6 Rxe6 40. Rc7 a5 41. Kg5 a4 42. Ra7 Rc6 43. Rxa4 Kg8 44. Rb4 Kf8 45. c5 Rxc5+ 46. Kxg6 h4 47. f5 Rc1 48. Rb8+ Ke7 49. f6+ 1-0

[Event "*** Titled Tuesday 3|2 Blitz"]
[Site "Chess.com"]
[Date "2015.10.06"]
[Round "7"]
[White "E-Shaposhnikov"]
[Black "tac49"]
[Result "1/2-1/2"]
[WhiteElo "2545"]
[BlackElo "2472"]
[TimeControl "180+2"]
[EndTime "12:31:06 PDT"]
[Termination "Game drawn by agreement"]

1. e4 e5 2. Nf3 Nc6 3. Bc4 Nf6 4. d3 Be7 5. O-O O-O 6. Re1 d6 7. a4 Kh8 8. Nc3 Ng8 9. Nd5 f5 10. c3 fxe4 11. dxe4 Bg4 12. Be2 Nf6 13. Ne3 Be6 14.
Ng5 Bg8 15. Bc4 Qd7 16. Bxg8 Nxg8 17. Nd5 Bxg5 18. Bxg5 Nge7 19. Nxe7 Nxe7 20. Qb3 b6 21. f3 a5 22. Qb5 Qxb5 23. axb5 Ng6 24. Ra4 Nf4 25. Bxf4 exf4 26. b4 axb4 27. Rxb4 Kg8 28. Rc4 Ra7 29. e5 Re8 30. Rxf4 Rxe5 31. Rxe5 dxe5 32.
Re4 Ra3 33. Rc4 Rb3 34. Rxc7 Rxb5 35. Kf2 Rb2+ 36. Kg3 Rc2 37. h4 h5 38. Kh3 Kh7 39.
Rc6 g6 40. g4 hxg4+ 41. fxg4 e4 42. Rc7+ Kg8 43. Kg3 e3 44. Kf3 e2 45. Kf2 Kf8 46. Rc6 Kg7 47. g5 Kf7 48. Ke1 Kg7 49. Rc7+ Kf8 50.
Rc6 Kf7 51. Rf6+ Kg7 52. Rf3 b5 53. Re3 Kf7 54. Kf2 Kf8 55. Re6 Rxc3 56. Rxg6 Re3 57. Ke1 b4 58. h5 b3 59. Rb6 Rh3 60. Rb8+ Kf7 61. g6+ Kf6 62. Rb6+ Kg7 63. Rb7+ Kf6 64. Rf7+ Ke6 65. Rb7 Rxh5 66. Kxe2 Rg5 67. g7 Kf6 68. Rxb3 Rxg7 1/2-1/2

[Event "*** Titled Tuesday 3|2 Blitz"]
[Site "Chess.com"]
[Date "2015.10.06"]
[Round "7"]
[White "jcibarra"]
[Black "AleksandrNevski"]
[Result "0-1"]
[WhiteElo "2482"]
[BlackElo "2441"]
[TimeControl "180+2"]
[EndTime "12:31:21 PDT"]
[Termination "AleksandrNevski won by resignation"]

1. e4 e5 2. Nf3 Nc6 3. Bb5 Nf6 4. O-O Nxe4 5. d4 Nd6 6. dxe5 Nxb5 7. a4 Nbd4 8. Nxd4 Nxd4 9. Qxd4 d5 10. Nc3 c6 11.
Qd3 Qd7 12. Ne2 Be7 13. Be3 O-O 14. Qc3 b6 15. a5 Ba6 16. Rfe1 c5 17. Qd2 d4 18.
Bg5 Bxg5 19. Qxg5 Bxe2 20. Rxe2 Qb5 21. Rae1 Qxb2 22. a6 Rae8 23. h4 c4 24. h5 h6 25.
Qf4 Qc3 26. Rd1 d3 27. cxd3 cxd3 28. Re3 Rd8 29. Rg3 Kh8 30. Qf5 Rfe8 31. Rgxd3 Rxd3 32.
Rxd3 Qe1+ 33. Kh2 Qxe5+ 34. Qxe5 Rxe5 35. Rd7 Rxh5+ 36. Kg1 Ra5 37. Rxa7 b5 38. Rxf7 Rxa6 39. Rb7 Ra1+ 40. Kh2 Rb1 41. g4 Kh7 42. f4 Kg6 43. Rb6+ Kf7 44. f5 b4 45. Kg2 b3 46. Kf2 b2 47. Kg2 Ke7 48. Rb7+ Kf6 49. Rb4 Kg5 50. Kh2 h5 51. gxh5 Kxh5 52. Rb5 Kg4 53. Kg2 Kf4 54. Kh2 Ke4 55. Kg2 Kd3 56. Rb7 Ke4 57. Rb5 Kf4 58. Kh2 Kf3 59. Rb7 Rf1 60. Rxb2 Rf2+ 61. Rxf2+ Kxf2 62.
f6 gxf6 63. Kh3 f5 64. Kh2 f4 0-1

[Event "*** Titled Tuesday 3|2 Blitz"]
[Site "Chess.com"]
[Date "2015.10.06"]
[Round "7"]
[White "3f32"]
[Black "Haridaskesavan"]
[Result "1-0"]
[WhiteElo "2271"]
[BlackElo "2039"]
[TimeControl "180+2"]
[EndTime "12:31:21 PDT"]
[Termination "3f32 won by resignation"]

1. d4 c6 2. c4 g6 3. e4 Bg7 4. Nc3 d6 5. h3 Nd7 6. Bg5 f6 7. Be3 Nh6 8. Bd3 Nf7 9. g4 e5 10. d5 c5 11. a3 a6 12. b4 b6 13. Rb1 O-O 14. bxc5 Nxc5 15. Be2 f5 16. gxf5 gxf5 17.
f3 fxe4 18. fxe4 Ng5 19. Qc2 Ngxe4 20. Nxe4 Nxe4 21. Qxe4 Bf5 22. Qg2 Bxb1 23. Nf3 Bg6 24. h4 e4 25. Ng5 Qf6 26. h5 Qa1+ 27. Bd1 Bc3+ 28. Bd2 e3 29. hxg6 Bxd2+ 30. Ke2 Rf2+ 31. Qxf2 exf2 32. gxh7+ Kg7 33. Ne6+ Kf6 34. Kxd2 Qe5 35.
Rf1 Qg3 36. Ke2 Qe5+ 37. Kxf2 Rh8 38. Kg2+ Ke7 39. Bc2 Qb2 40. Rf2 Qxa3 41. Bg6 Kd7 42. Rf7+ Kc8 43. Bf5 Kb8 44. Rg7 Qb2+ 45. Kg3 Qe5+ 46.
Kg4 Qe2+ 47. Kg5 Qg2+ 48. Kf6 Qf3 49. Rg8+ Kb7 50. Rxh8 Qc3+ 51. Ke7 Qxh8 52. Kxd6 a5 53. Nf4 a4 54. Ng6 Qxh7 55. Ne7 Qh2+ 56. Kd7 a3 57. d6 a2 58. Be4+ Ka6 59. Kc8 a1=Q 60. Bb7+ Ka5 61. d7 Qah8+ 62. d8=Q Qxd8+ 63. Kxd8 Qb8+ 64.
Bc8 Qd6+ 65. Bd7 Qd4 66. Nc6+ Ka4 67. Nxd4+ Kb4 68. Bb5 Kc5 69. Nc6 1-0